 Dungeon Crawl Stone Soup version 0.27-a0-1416-g941b2bd30b (webtiles) character file.

Game seed: 11911754126979047270

430 wesbby the Cudgeller (level 6, 0/56 HPs)
             Began as a Minotaur Fighter on July 1, 2021.
             Slain by an iguana (7 damage)
             ... on level 4 of the Dungeon.
             The game lasted 00:11:10 (4235 turns).

wesbby the Cudgeller (Minotaur Fighter)             Turns: 4235, Time: 00:11:10

Health: 0/56       AC:  8    Str: 21    XL:     6   Next: 66%
Magic:  5/5        EV:  8    Int:  6    God:
Gold:   254        SH: 10    Dex: 10    Spells: 5/5 levels left

rFire    . . .     SeeInvis .   a - +1 flail (protect)
rCold    . . .     Faith    .   c - +0 kite shield
rNeg     . . .     Spirit   .   b - +1 scale mail
rPois    .         Reflect  .   (helmet restricted)
rElec    .         Harm     .   (no cloak)
rCorr    .         Rampage  .   (no gloves)
Will     .....                  (no boots)
Stlth    ..........             (no amulet)
HPRegen  0.18/turn              (no ring)
MPRegen  0.09/turn              (no ring)

@: mighty
A: horns 2, retaliatory headbutt
a: no special abilities


You were on level 4 of the Dungeon.
You visited 1 branch of the dungeon, and saw 5 of its levels.

You collected 254 gold pieces.

Inventory:

Hand Weapons
 a - a +1 flail of protection (weapon)
Armour
 b - a +1 scale mail (worn)
 c - a +0 kite shield (worn)
Jewellery
 e - a ring of ice
Scrolls
 f - a scroll of identify
 m - a scroll of enchant armour
Potions
 d - a potion of might
 g - a potion of flight {unknown}
 i - a potion of attraction {unknown}


   Skills:
 * Level 5.2 Fighting
 * Level 5.8 Maces & Flails
 + Level 4.7 Armour
 + Level 1.6 Dodging
 + Level 4.9 Shields


You had 5 spell levels left.
You didn't know any spells.
Your spell library contained the following spells:

 Spells                   Type           Power      Damage    Failure   Level
 Sublimation of Blood     Necr           0%         N/A       100%        2
 Petrify                  Tmut/Erth      0%         N/A       100%        4
 Irradiate                Conj/Tmut      0%         3d13      100%        5
 Summon Forest            Summ/Tloc      0%         N/A       100%        5
 Summon Mana Viper        Hex/Summ       0%         N/A       100%        5
 Shadow Creatures         Summ           N/A        N/A       100%        6


Dungeon Overview and Level Annotations

Branches:
Dungeon (5/15)             Temple (0/1) D:5

Altars:
Elyvilon
Nemelex Xobeh
Vehumet
The Shining One


Innate Abilities, Weirdness & Mutations

You have a pair of horns on your head.
You reflexively headbutt those who attack you in melee.


Message History

The dart slug barely misses you. You furiously retaliate!
You headbutt the dart slug. You sock the dart slug!
You kill the dart slug!
The iguana hisses angrily.
The dart slug launches a dart at you.
The slug dart hits you but does no damage.
The iguana bites you but does no damage.
You block the iguana's attack. The dart slug launches a dart at you.
The slug dart hits you but does no damage.
The iguana completely misses you. You furiously retaliate!
You headbutt the iguana! The iguana bites you.
The dart slug launches a dart at you. The slug dart hits you.
The iguana bites you but does no damage.
The dart slug launches a dart at you.
The slug dart hits you but does no damage.
The iguana bites you!
* * * LOW HITPOINT WARNING * * *
The iguana bites you.
* * * LOW HITPOINT WARNING * * *
The iguana bites you but does no damage.
You block the iguana's attack. The dart slug launches a dart at you.
The slug dart hits you.
* * * LOW HITPOINT WARNING * * *
You block the iguana's attack. The dart slug launches a dart at you.
The slug dart hits you but does no damage.
Things that are here:
a +0 club; a +0 leather armour; an orc corpse
There is a stone staircase leading up, spattered with blood here.
The iguana barely misses you.
You climb upwards.
There is a stone staircase leading down here.
You feel very mighty all of a sudden. The iguana bites you!
You die...

### ### ### #.# ##.# ###
#.# #.####... ###.# #.####
#..##.... #...#
###....#####.......
###.#####.@###........#....
#...##.l.# ###......##...
##.#.....## ###..)).##..
##.###....# ####...##.
###.## ##...## ###..##
#...# ##...# ##... ##..#
#...# ###. ##.# ##..# ##
#.## ##.##


You could see an iguana.

Vanquished Creatures
  A scorpion (D:5)
  A howler monkey (D:5)
  A jelly (D:4)
  A hound (D:4)
  An orc priest (D:3)
  A bullfrog skeleton (D:5)
  A centaur skeleton (D:4)
  An orc wizard (D:4)
  6 adders
  A howler monkey skeleton (D:5)
  A worm (D:2)
  2 dart slugs (D:5)
  6 orcs
  6 endoplasms
  2 giant cockroaches (D:1)
  5 goblins
  10 hobgoblins
  3 jackals (D:1)
  7 kobolds
  7 quokkas
  5 ball pythons
  8 bats
  6 frilled lizards
  4 rats
87 creatures vanquished.

Vanquished Creatures (others)
  A dart slug (D:5)
  7 plants
8 creatures vanquished.

Grand Total: 95 creatures vanquished

Notes
Turn   | Place    | Note
-------+----------+-------------------------------------------
     0 | D:1      | wesbby the Minotaur Fighter began the quest for the Orb.
     0 | D:1      | Reached XP level 1. HP: 19/19 MP: 0/0
   210 | D:1      | Reached XP level 2. HP: 24/27 MP: 1/1
   633 | D:1      | Reached XP level 3. HP: 33/33 MP: 2/2
  1109 | D:2      | Reached XP level 4. HP: 40/40 MP: 3/3
  1121 | D:2      | You fall into a shaft and drop 1 floor!
  1168 | D:3      | Found a radiant altar of Vehumet.
  1229 | D:3      | Found a white marble altar of Elyvilon.
  1230 | D:3      | Found a glowing golden altar of the Shining One.
  1557 | D:3      | Found a sparkling altar of Nemelex Xobeh.
  1937 | D:3      | Reached skill level 1 in Dodging
  1937 | D:3      | Reached XP level 5. HP: 44/47 MP: 4/4
  3025 | D:4      | Reached skill level 5 in Fighting
  3146 | D:4      | Reached skill level 5 in Maces & Flails
  4024 | D:5      | Entered Level 5 of the Dungeon
  4047 | D:5      | Reached XP level 6. HP: 56/56 MP: 5/5
  4049 | D:5      | Found a staircase to the Ecumenical Temple.
  4235 | D:4      | Slain by an iguana

Illustrated notes

Levels and vault maps discovered:
D:1:      amcnicky_arrival_double_pillar, layout_loops_ring,
          minmay_misc_feat_roman
D:2:      layout_loops_cross, serial_bayou, serial_bayou_pond_b,
          serial_bayou_shore_b, serial_bayou_ford_a, serial_bayou_pond_d,
          serial_bayou_pond_e, chequers_serial_rivers_room_a,
          minmay_misc_feat_hallway
D:3:      cheibrodos_pilgrimage, layout_basic, vehumet_crystals,
          chequers_temple_overflow_statue_of_worship,
          nemelex_diamond_rough_becter
D:4:      wander_river, layout_layer_cave
D:5:      kennysheep_slugbush, layout_cave_pools, minmay_temple_entry_overgrown,
          lemuel_old_faithful

Skill      XL: |  1  2  3  4  5 |
---------------+----------------+-----
Shields        | 4 |  4.9
Armour         | 4 |  4.7
Maces & Flails | 3 4 5 |  5.8
Fighting       | 4 5 |  5.2
Dodging        | 1 |  1.6

Action                   |  1- 3 |  4- 6 || total
-------------------------+-------+-------++-------
Melee: Flail             |    94 |   109 ||   203
       Headbutt          |     9 |    13 ||    22
  Use: Scroll            |       |     7 ||     7
       Potion            |       |     4 ||     4
Armor: Scale mail        |    45 |    77 ||   122
Dodge: Dodged            |    34 |    54 ||    88
Block: Kite shield       |    59 |    85 ||   144

Table legend: (Time is in decaauts)
 A = Elapsed time spent in this place.
 B = Non-inter-level travel time spent in this place.
 C = Inter-level travel time spent in this place.
 D = Time resting spent in this place.
 E = Time spent auto-exploring this place.
 F = Levels seen in this place.
 G = Mean time per level.
                   A        B        C        D        E       F      G
               +--------+--------+--------+--------+--------+-----+--------+
         Total |   4335 |   4063 |    272 |      0 |   3208 |   5 |  867.0 |
       Dungeon |   4335 |   4063 |    272 |      0 |   3208 |   5 |  867.0 |
               +--------+--------+--------+--------+--------+-----+--------+

Top non-repeatable levels by time:
     D:4: 1271 daAuts
     D:1: 1028 daAuts
     D:3: 1000 daAuts
     D:2: 884 daAuts
     D:5: 149 daAuts
